 Dungeon Crawl Stone Soup version 0.28-a0-429-g1448048969 (webtiles) character file.

Game seed: 13169989052074198985

2559 willcat the Ducker (level 9, -8/63 HPs)
             Began as a Human Delver on Sept 10, 2021.
             Was an Initiate of Gozag.
             Mangled by Menkaure (14 damage)
             ... on level 7 of the Dungeon.
             The game lasted 00:06:18 (4490 turns).

willcat the Ducker (Human Delver)                   Turns: 4490, Time: 00:06:19

Health: -8/63      AC:  8    Str: 14    XL:     9   Next: 86%
Magic:  9/9        EV: 15    Int: 12    God:    Gozag
Gold:   151        SH:  5    Dex: 15    Spells: 8/8 levels left

rFire   + . .      SeeInvis .   w - +7 morningstar
rCold   . . .      Faith    .   (no shield)
rNeg    . . .      Spirit   .   b - +0 leather armour
rPois   +          Reflect  +   (no helmet)
rElec   .          Harm     .   (no cloak)
rCorr   .          Rampage  .   (no gloves)
Will    .....                   s - +0 pair of boots
Stlth   ++........              n - amulet of reflection
HPRegen 0.20/turn               m - +4 ring of protection
MPRegen 0.11/turn               u - ring of protection from fire

@: silenced, hasted, very quick
A: poison resistance
a: Renounce Religion


You were on level 7 of the Dungeon.
You worshipped Gozag.
Gozag was aware of your devotion.
You visited 2 branches of the dungeon, and saw 5 of its levels.
You also visited: Sewer.

You collected 198 gold pieces.
You paid 47 gold pieces to Gozag.

Inventory:

Hand Weapons
 k - a +2 morningstar of draining
 w - a +7 morningstar (weapon)
Missiles
 r - a throwing net (quivered)
Armour
 b - a +0 leather armour (worn)
 s - a +0 pair of boots (worn)
Jewellery
 a - an amulet of magic regeneration
 m - a +4 ring of protection (left hand)
 n - an amulet of reflection (around neck)
 u - a ring of protection from fire (right hand)
Wands
 g - a wand of digging (9)
 q - a wand of paralysis (12)
Scrolls
 c - 2 scrolls of fog
 d - a scroll of magic mapping
 h - a scroll of amnesia
 t - a scroll of enchant armour {unknown}
 v - a scroll of blinking {unknown}
Potions
 e - 2 potions of lignification
 i - 2 potions of brilliance
 o - a potion of mutation
 p - a potion of cancellation


   Skills:
 - Level 3.0 Fighting
 - Level 2.0 Short Blades
 + Level 7.2 Maces & Flails
 + Level 7.6 Dodging
 - Level 5.9 Stealth
 + Level 6.5 Evocations


You had 8 spell levels left.
You didn't know any spells.
Your spell library contained the following spells:

 Spells                   Type           Power      Damage    Failure   Level
 Magic Dart               Conj           0%         1d3       38%         1
 Searing Ray              Conj           0%         2d4       54%         2
 Gell's Gravitas          Tloc           0%         N/A       77%         3
 Teleport Other           Tloc           0%         N/A       77%         3
 Fulminant Prism          Conj/Hex       0%         3d6       99%         4
 Dispersal                Tloc           0%         N/A       100%        6


Dungeon Overview and Level Annotations

Branches:
Dungeon (7/15)             Temple (1/1) D:6           Sewer (visited)

Altars:
Cheibriados
Dithmenos
Elyvilon
Fedhas
Gozag
Hepliaklqana
Makhleb
Qazlal
Ru
Sif Muna
Trog
Uskayaw
Zin
The Shining One

Shops:
D:5 [*   D:6 ?

Annotations:
D:4 3 runed translucent doors, Gmanzz2004's ghost, amateur HuFi
D:7 2 runed translucent doors, Menkaure; Prince Ribbit


Innate Abilities, Weirdness & Mutations

Your system is resistant to poisons. (rPois)


Message History

You feel resistant to poisons. The bullfrog barely misses you.
Prince Ribbit hits you but does no damage.
Unknown command.
Prince Ribbit closely misses you. You block the bullfrog's attack.
It was a potion of cancellation.
You feel magically purged. Prince Ribbit hits you!
* * * LOW HITPOINT WARNING * * *
Prince Ribbit is distracted by your dazzling golden aura.
Unknown command.
As you read the scroll of fear, it crumbles to dust.
You assume a fearsome visage.
Prince Ribbit looks frightened!
The bullfrog looks frightened!
Found a scale mail.
Okay, then.
Prince Ribbit is no longer distracted by gold.
Prince Ribbit casts a spell.
Prince Ribbit looks slightly unstable.
Menkaure, Prince of Dust comes into view.
Menkaure shouts!
Menkaure calls on the powers of darkness!
Your body is wracked with pain!
* * * LOW HITPOINT WARNING * * *
As you read the scroll labelled ATUMOER ISSIRR, it crumbles to dust.
It is a scroll of enchant weapon.
Your +6 morningstar glows red for a moment.
As you read the scroll labelled LIEVVE JUESH, it crumbles to dust.
A profound silence engulfs you.
It was a scroll of silence.
You pick up a book of Conjurations and begin reading...
You add the spells Magic Dart, Searing Ray and Fulminant Prism to your library.
Unknown command.
You feel yourself speed up.
You sock Menkaure!
Menkaure is severely damaged.
You block Menkaure's attack.
You barely miss Menkaure.
Menkaure is severely damaged.
Menkaure hits you!
You die...
Your body crumbles into a pile of gold.

.......## ... .....
......... .....# .....
#........ ......#
.....###.......# .......
.......#........ ......
...............# #....
....... #.....$######....
$
#......##M...$$.....#....
........@#.###$..$.......
#........#.###...........
....[.......##..........#
.........................
.####.......##...........
.......................
.................######
#.................#.
#........#........#..


You could see Menkaure.

Vanquished Creatures
  A cyclops (D:6)
  3 water moccasins
  2 black bears (D:6)
  Purgy (Sewer)
  2 hornet zombies
  A necrophage (D:5)
  3 ogres
  A centaur (D:6)
  A phantom (D:5)
  3 scorpions
  A water moccasin zombie (D:6)
  A wyvern skeleton (D:5)
  2 water moccasin skeletons
  3 wights (D:6)
  3 howler monkeys (D:7)
  4 hounds
  A bullfrog skeleton (D:6)
  An iguana (D:5)
  2 orc wizards (D:6)
  6 adders
  A howler monkey skeleton (D:7)
  2 shadow imps
  2 white imps
  An ufetubus (D:5)
  4 orcs
  2 ball pythons (D:6)
  3 giant cockroaches
  A hobgoblin (D:4)
  4 kobolds
  3 quokkas (D:4)
  A bat (D:6)
66 creatures vanquished.

Notes
Turn   | Place    | Note
-------+----------+-------------------------------------------
     0 | D:5      | willcat the Human Delver began the quest for the Orb.
     0 | D:5      | Reached XP level 1. HP: 18/18 MP: 1/1
    22 | D:5      | Found a blossoming altar of Fedhas.
    22 | D:5      | Noticed a hound
   101 | D:4      | Reached XP level 2. HP: 18/24 MP: 2/2
   124 | D:4      | Reached skill level 1 in Maces & Flails
   161 | D:4      | Reached XP level 3. HP: 13/29 MP: 3/3
   434 | D:4      | Found a glowing drain.
   448 | Sewer    | Entered a sewer
   547 | Sewer    | Noticed Purgy
   552 | Sewer    | Killed Purgy
   553 | Sewer    | Reached XP level 4. HP: 26/35 MP: 4/4
   553 | Sewer    | Reached XP level 5. HP: 31/41 MP: 5/5
   880 | D:4      | Noticed Gmanzz2004's ghost (amateur HuFi)
   882 | D:4      | Found a runed translucent gate.
   882 | D:4      | Found a runed translucent gate.
   882 | D:4      | Found a runed translucent gate.
   883 | D:4      | Noticed a wyvern
  1014 | D:5      | Reached XP level 6. HP: 38/47 MP: 6/6
  1054 | D:5      | Reached skill level 1 in Evocations
  1235 | D:5      | Noticed an ogre
  1250 | D:5      | Killed an ogre
  1302 | D:5      | Reached XP level 7. HP: 28/52 MP: 7/7
  1516 | D:5      | Noticed a water moccasin
  1533 | D:5      | Killed a water moccasin
  1975 | D:5      | Reached skill level 5 in Dodging
  1977 | D:5      | Reached XP level 8. HP: 33/58 MP: 8/8
  2267 | D:5      | Found Qubliv's Antique Armour Shoppe.
  2275 | D:5      | Reached skill level 5 in Maces & Flails
  2323 | D:6      | Found Nefaimn's Magic Scroll Shop.
  2357 | D:6      | Found a staircase to the Ecumenical Temple.
  2368 | Temple   | Entered the Ecumenical Temple
  3140 | D:6      | Reached skill level 5 in Evocations
  3140 | D:6      | Reached XP level 9. HP: 49/63 MP: 9/9
  3252 | D:6      | Noticed a cyclops
  3453 | D:6      | Killed a cyclops
  3580 | D:6      | Found an opulent altar of Gozag.
  3587 | D:6      | Found a white marble altar of Elyvilon.
  3592 | D:6      | Found a stormy altar of Qazlal.
  3625 | D:6      | Became a worshipper of Gozag Ym Sagoz the Greedy
  3744 | D:6      | Found a sacrificial altar of Ru.
  4457 | D:7      | Noticed Prince Ribbit
  4471 | D:7      | Found a runed translucent gate.
  4472 | D:7      | Gained mutation: Your system is resistant to poisons.
                  | (rPois) [potion of mutation]
  4473 | D:7      | Found a runed translucent gate.
  4480 | D:7      | Noticed Menkaure
  4490 | D:7      | Mangled by Menkaure

Illustrated notes

Levels and vault maps discovered:
D:4:      layout_rooms, gup_sewer_entry_spiral, ebering_ghost_rock_garden,
          uniq_duvessa
D:5:      cheibrodos_helix_gallery, layout_rooms, general_overflow_altar,
          serial_shops, nicolae_shop_statue_plus, amcnicky_mini_pool_small,
          nicolae_stop_n_shop_2
D:6:      layout_basic, minitemple, nicolae_ru_great_annihilating_truth,
          minmay_temple_entry_butterflies, serial_shops,
          nicolae_shop_temple_entry_statues_fountains
D:7:      layout_basic, vehumet_statue, kennysheep_little_box, enter_bailey_5,
          gammafunk_ghost_necromancy, uniq_prince_ribbit1, uniq_menkaure
Temple:   jpeg_temple_island

Skill      XL: |  1  2  3  4  5  6  7  8  9 |
---------------+----------------------------+-----
Maces & Flails | 1 2 3 4 5 7 |  7.2
Dodging        | 3 4 5 6 7 |  7.6
Evocations     | 2 3 5 6 |  6.5
Fighting       | |  3.0
Short Blades   | |  2.0
Stealth        | |  5.9

Action                   |  1- 3 |  4- 6 |  7- 9 || total
-------------------------+-------+-------+-------++-------
Melee: Morningstar       |    41 |    39 |   184 ||   264
Evoke: Wand              |       |       |     1 ||     1
  Use: Scroll            |       |     1 |     6 ||     7
       Potion            |       |       |     3 ||     3
 Stab: Sleeping          |     1 |       |    11 ||    12
       Paralysed         |       |       |     4 ||     4
Armor: Leather armour    |    18 |    15 |    60 ||    93
Dodge: Dodged            |    28 |    28 |   137 ||   193
Block: Other             |     1 |    14 |    46 ||    61
       Reflection        |       |     2 |       ||     2

Table legend: (Time is in decaauts)
 A = Elapsed time spent in this place.
 B = Non-inter-level travel time spent in this place.
 C = Inter-level travel time spent in this place.
 D = Time resting spent in this place.
 E = Time spent auto-exploring this place.
 F = Levels seen in this place.
 G = Mean time per level.
                   A        B        C        D        E       F      G
               +--------+--------+--------+--------+--------+-----+--------+
         Total |   4656 |   4581 |     75 |    554 |   3052 |   6 |  776.0 |
       Dungeon |   4099 |   4037 |     62 |    554 |   2568 |   4 | 1024.8 |
        Temple |    242 |    229 |     13 |      0 |    224 |   1 |  242.0 |
         Sewer |    314 |    314 |      0 |      0 |    259 |   1 |  314.0 |
               +--------+--------+--------+--------+--------+-----+--------+

Top non-repeatable levels by time:
     D:6: 1782 daAuts
     D:5: 1418 daAuts
     D:4: 692 daAuts
   Sewer: 314 daAuts
  Temple: 242 daAuts
     D:7: 206 daAuts
